 Dungeon Crawl Stone Soup version 0.18-a0-1027-g814d7dd (webtiles) character file.

154 glosham the Skirmisher (level 4, -2/40 HPs)
             Began as a Demigod Summoner on Jan 8, 2016.
             Slain by a gnoll
             ... wielding a +0 whip
              (8 damage)
             ... on level 1 of the Dungeon.
             The game lasted 00:51:13 (4382 turns).

glosham the Skirmisher (Demigod Summoner)           Turns: 4382, Time: 00:51:14

Health: -2/40      AC:  2    Str: 11    XL:     4   Next: 88%
Magic:  9/9        EV: 12    Int: 21    God:
Gold:   114        SH:  0    Dex: 16    Spells: 2 memorised, 1 level left

rFire  . . .     SeeInvis .     a - +5 whip (elec)
rCold  . . .     Gourm    .     X - +0 robe
rNeg   . . .     Faith    .     (no shield)
rPois  .         Spirit   .     (no helmet)
rElec  .         Dismiss  .     (no cloak)
rCorr  .         Reflect  .     (no gloves)
SustAt +         Harm     .     (no boots)
MR     .....                    (no amulet)
Stlth  ++........               (no ring)
                                (no ring)

@: not resistant to hostile enchantments, unstealthy
A: high mp 1, sustain attributes
a: no special abilities


You were on level 1 of the Dungeon.
You were not hungry.

You visited 1 branch of the dungeon, and saw 3 of its levels.

You collected 114 gold pieces.

Inventory:

Hand Weapons
 a - a +5 whip of electrocution (weapon)
Missiles
 d - 48 stones (quivered)
 e - 16 sling bullets
 q - 28 bolts
 r - 14 arrows
Armour
 T - a +0 ring mail
 X - a +0 robe (worn)
Jewellery
 C - an uncursed ring of ice
Scrolls
 f - a scroll of teleportation
 k - a scroll of amnesia
 u - a scroll of remove curse
Potions
 h - 2 potions of lignification
 j - a potion of heal wounds
 m - a potion of haste
 t - 2 potions of might
 v - a potion of invisibility {unknown}
Books
 s - a book of Callings

   Spells                             Type                      Level
   a - Summon Small Mammal            Summoning                    1
   b - Call Imp                       Summoning                    2
   c - Call Canine Familiar           Summoning                    3
   d - Summon Guardian Golem          Hexes/Summoning              3
   e - Summon Lightning Spire         Summoning/Air                4
   f - Summon Ice Beast               Ice/Summoning                4
Comestibles
 b - 3 meat rations
 c - 7 chunks of flesh
 n - 2 bread rations
 o - 3 fruits
 p - 2 beef jerkies


   Skills:
 - Level 4.1 Fighting
 * Level 1.1 Maces & Flails
 - Level 1.7 Dodging
 - Level 1.7 Stealth
 - Level 1.7 Spellcasting
 - Level 3.6 Summonings


You had one spell level left.
You knew the following spells:

 Your Spells              Type           Power        Failure   Level  Hunger
c - Call Canine Familiar  Summ           ###.....     12%         3    ###....
i - Call Imp              Summ           ###.....     6%          2    ###....


Dungeon Overview and Level Annotations

Branches:
Dungeon (3/15)

Annotations:
D:3 Crazy Yiuf, Sigmund


Innate Abilities, Weirdness & Mutations

You have an increased reservoir of magic (+10% MP).
Your attributes are resistant to harm.


Message History

The gnoll is moderately wounded.
You hit the gnoll.
The gnoll is moderately wounded.
The gnoll barely misses you.
You hit the gnoll.
The gnoll is severely wounded.
The gnoll closely misses you. The gnoll barely misses you.
The gnoll hits you from afar with a spear.
You hit the gnoll.
The gnoll is severely wounded.
The gnoll closely misses you. The gnoll misses you.
The gnoll hits you from afar with a spear.
You hit the gnoll.
There is a sudden explosion of sparks!
You kill the gnoll!
Your Maces & Flails skill increases to level 1!
The gnoll hits you with a whip!
The gnoll hits you from afar with a spear.
There is an open door here.
There is an open door here.
There is a stone staircase leading up here.
The gnoll closely misses you.
The gnoll hits you from afar with a spear!
You climb upwards.
There is a stone staircase leading down here.
You see here a scroll of random uselessness.
You hit the gnoll.
The gnoll is moderately wounded.
The gnoll hits you with a whip.
* * * LOW HITPOINT WARNING * * *
You hit the gnoll.
The gnoll is severely wounded.
The gnoll barely misses you.
You hit the gnoll.
The gnoll is severely wounded.
The gnoll hits you with a whip.
* * * LOW HITPOINT WARNING * * *
You barely miss the gnoll.
The gnoll is severely wounded.
The gnoll hits you but does no damage. The gnoll hits you with a whip!
You die...

#..............#######.#
#########.................#
###..........###....######..#
#.....#####..# #.#.## #..#
#.###.#####..# #.#.# #.)# ..#
#........# #.#.# #..#
#.###.######.# #.#.#######..#
#.....# #.# #g#..........#
###.### #.# #@#########.##
#.# #.# #.# #.# #.########.#
#.##### ###.# #........#.#
#.....# #...# #####......#
#####.# #.### #....### #.#
#.# ##....# #.# #.#
######.....## #.# #.#
#...........# #.# #.#


You could see a gnoll.

Vanquished Creatures
  4 gnolls
  4 adders
  A worm (D:3)
  A giant gecko (D:1)
  10 orcs
  A ball python (D:3)
  7 bats
  4 giant cockroaches
  3 goblins
  3 hobgoblins
  12 giant newts
  5 kobolds
  11 rats
66 creatures vanquished.

Vanquished Creatures (collateral kills)
  A gnoll (D:2)
  An adder (D:3)
2 creatures vanquished.

Grand Total: 68 creatures vanquished

Notes
Turn   | Place    | Note
--------------------------------------------------------------
     0 | D:1      | glosham the Demigod Summoner began the quest for the Orb.
     0 | D:1      | Reached XP level 1. HP: 14/14 MP: 5/5
   451 | D:1      | Reached skill level 1 in Fighting
   663 | D:1      | Reached XP level 2. HP: 23/23 MP: 7/7
   667 | D:1      | Learned a level 2 spell: Call Imp
   933 | D:1      | Reached skill level 2 in Fighting
  1436 | D:2      | Reached XP level 3. HP: 26/30 MP: 8/8
  1447 | D:2      | Learned a level 3 spell: Call Canine Familiar
  1851 | D:2      | Reached skill level 3 in Fighting
  2695 | D:3      | Noticed Crazy Yiuf
  2974 | D:3      | Reached XP level 4. HP: 28/39 MP: 9/9
  3459 | D:3      | Noticed Sigmund
  3830 | D:2      | Reached skill level 4 in Fighting
  4350 | D:2      | Reached skill level 1 in Maces & Flails
  4382 | D:1      | Slain by a gnoll

Vault maps used:
D:1:      onia_arrival_mini_maze_b, minmay_lizard_king
D:2:      serial_bayou_pond_a
D:3:      uniq_crazy_yiuf_cottage, uniq_sigmund

Action                   |  1- 3 |  4- 6 || total
-------------------------+-------+-------++-------
Melee: Short sword       |   184 |    33 ||   217
       Unarmed           |    10 |       ||    10
       Mace              |     1 |       ||     1
       Whip              |       |    24 ||    24
Throw: Stone             |     1 |     2 ||     3
 Cast: Call Imp          |     4 |     7 ||    11
  Use: Scroll            |    13 |     3 ||    16
 Stab: Sleeping          |     7 |     3 ||    10
  Eat: Chunk             |     7 |     5 ||    12

Table legend:
 A = Turns spent in this place as a percentage of turns spent in the entire game.
 B = Non-inter-level travel turns spent in this place as a percentage of non-inter-level travel turns spent in the entire game.
 C = Inter-level travel turns spent in this place as a percentage of turns spent in this place.
 D = Turns resting spent in this place as a percentage of non-inter-level travel turns spent in this place.
 E = Turns spent auto-exploring this place as a percentage of non-inter-level travel turns spent in this place.
 F = Non-inter-level travel turns spent in this place divided by the number of levels of this place that you've seen.
                   A       B       C       D       E      F
               +-------+-------+-------+-------+-------+----------------------
         Total | 100.0 | 100.0 |   0.7 |   3.1 |   0.3 | 648.0
       Dungeon | 100.0 | 100.0 |   0.7 |   3.1 |   0.3 | 648.0
               +-------+-------+-------+-------+-------+----------------------

Table legend:
 A = Kills in this place as a percentage of kills in entire the game.
 B = Kills by you in this place as a percentage of kills by you in the entire game.
 C = Kills by friends in this place as a percentage of kills by friends in the entire game.
 D = Other kills in this place as a percentage of other kills in the entire game.
 E = Experience gained in this place as a percentage of experience gained in the entire game.
 F = Experience gained in this place divided by the number of levels of this place that you have seen.
                   A       B       C       D       E      F
               +-------+-------+-------+-------+-------+----------------------
         Total | 100.0 | 100.0 | 100.0 |  -nan | 100.0 |  73.3
       Dungeon | 100.0 | 100.0 | 100.0 |  -nan | 100.0 |  73.3
               +-------+-------+-------+-------+-------+----------------------

Vault maps used:
D:1:      onia_arrival_mini_maze_b, minmay_lizard_king
D:2:      serial_bayou_pond_a
D:3:      uniq_crazy_yiuf_cottage, uniq_sigmund
